 Dungeon Crawl Stone Soup version 0.22-a0-469-gf26638a (webtiles) character file.

359 KristoblXynda the Ruffian (level 6, 0/53 HPs)
             Began as a Troll Wizard on June 13, 2018.
             Slain by a gnoll (6 damage)
             ... on level 5 of the Dungeon.
             The game lasted 00:05:26 (3278 turns).

KristoblXynda the Ruffian (Troll Wizard)            Turns: 3278, Time: 00:05:27

Health: 0/53       AC:  8    Str: 16    XL:     6   Next: 37%
Magic:  8/8        EV:  9    Int: 16    God:
Gold:   209        SH:  0    Dex:  8    Spells: 5/9 levels left

rFire    . . .     SeeInvis .     - Unarmed
rCold    + . .     Gourm    +   (no shield)
rNeg     . . .     Faith    .   a - +0 robe
rPois    .         Spirit   .   b - +0 hat
rElec    .         Reflect  .   r - +2 cloak
rCorr    .         Harm     .   (gloves unavailable)
MR       .....                  (boots unavailable)
Stlth    +.........             (no amulet)
HPRegen  0.57/turn              w - ring of protection from cold
MPRegen  0.11/turn              (no ring)

@: no status effects
A: large, unfitting armour, claws 3, fast metabolism 3, gourmand, regeneration
1, shaggy fur 1, tough skin 2
a: no special abilities


You were on level 5 of the Dungeon.
You were full.

You visited 1 branch of the dungeon, and saw 5 of its levels.

You collected 209 gold pieces.

Inventory:

Armour
 a - a +0 robe (worn)
 b - a +0 hat (worn)
 r - a +2 cloak (worn)
Jewellery
 w - a ring of protection from cold (left claw)
Scrolls
 c - 3 scrolls of enchant weapon {unknown}
 f - 3 scrolls of identify
 m - 2 scrolls of enchant armour {unknown}
 o - a scroll of random uselessness {unknown}
 p - 2 scrolls of teleportation {unknown}
 q - a scroll of magic mapping {unknown}
 s - 2 scrolls of immolation {unknown}
 u - a scroll of fear {unknown}
 v - a scroll of remove curse {unknown}
Potions
 g - a potion of magic {unknown}
 h - a potion of agility {unknown}
 i - a potion of resistance {unknown}
 j - 3 potions of haste
 k - 3 potions of brilliance
 t - a potion of might {unknown}
Comestibles
 d - 9 rations


   Skills:
 - Level 1.5 Dodging
 - Level 1.0 Stealth
 * Level 4.4 Unarmed Combat
 - Level 2.0 Spellcasting
 * Level 3.4 Conjurations
   Level 0.6 Summonings
   Level 0.6 Translocations


You had 5 spell levels left.
You knew the following spells:

 Your Spells              Type           Power        Failure   Level  Hunger
a - Magic Dart            Conj           ##..         4%          1    #......
b - Mephitic Cloud        Conj/Pois/Air  #.......     36%         3    ###....

Your spell library contained the following spells:

 Spells                   Type           Power        Failure   Level  Hunger
 Conjure Flame            Conj/Fire      #.......     30%         3    ###....
 Slow                     Hex            #.......     30%         2    ###....
 Blink                    Tloc           N/A          24%         2    ###....
 Call Imp                 Summ           #.......     24%         2    ###....


Dungeon Overview and Level Annotations

Branches:
Dungeon (5/15)
 Temple: D:4-7

Altars:
Dithmenos
Wu Jian


Innate Abilities, Weirdness & Mutations

You are too large for most types of armour.
You have claws for hands.
Your metabolism is lightning-fast.
You like to eat raw meat.
Your natural rate of healing is unusually fast.
You are covered in fur. (AC +1)
You have very tough skin. (AC +2)


Message History

You kill the worker ant!
You barely miss the orc. The orc hits you but does no damage.
You claw the orc!
You kill the orc!
You closely miss the gnoll. The gnoll hits you.
* * * LOW HITPOINT WARNING * * *
You scratch the gnoll.
The gnoll is moderately wounded.
The gnoll hits you.
* * * LOW HITPOINT WARNING * * *
You scratch the gnoll but do no damage.
The gnoll is moderately wounded.
The gnoll barely misses you.
You scratch the gnoll.
The gnoll is heavily wounded.
The gnoll misses you.
You barely miss the gnoll.
The gnoll is heavily wounded.
The gnoll hits you.
You die...

....#...##
#.......##
###
#.........
..# #.......#
#.# ..$.#.#
#.# #..#.#
#.# #)#.# #.#
#g#.####.#
#@#......####
#...........#
#.#
#.#####.###.#
#.# #.#
#.###.# #.#
#. #.#
#.....# #.#
#. #.#
#.###.# #.#
.. #.#####.#
#.# #.# ####
.##.......#
#.# #.#####..
...###.####
#.#


You could see a gnoll.

Vanquished Creatures
  The ghost of 4thArraOfDagon the Chopper, a weakling HOMo of the Shining One (D:4)
  An orc priest (D:3)
  2 hounds
  An iguana (D:3)
  3 worker ants
  2 gnolls (D:5)
  3 adders
  An ooze (D:2)
  3 worms
  3 dart slugs
  2 leopard geckos
  5 orcs
  12 bats
  3 giant cockroaches (D:2)
  5 goblins
  5 hobgoblins
  3 kobolds
  3 quokkas
  2 ball pythons
  5 frilled lizards
  5 rats
70 creatures vanquished.

Notes
Turn   | Place    | Note
-------+----------+-------------------------------------------
     0 | D:1      | KristoblXynda the Troll Wizard began the quest for the Orb.
     0 | D:1      | Reached XP level 1. HP: 16/16 MP: 2/2
   148 | D:1      | Reached skill level 1 in Conjurations
   155 | D:1      | Reached skill level 1 in Unarmed Combat
   155 | D:1      | Reached XP level 2. HP: 15/24 MP: 4/4
   709 | D:2      | Reached XP level 3. HP: 31/31 MP: 5/5
  1059 | D:2      | Reached skill level 2 in Unarmed Combat
  1208 | D:2      | Reached XP level 4. HP: 32/39 MP: 6/6
  1719 | D:2      | Learned a level 3 spell: Mephitic Cloud
  1728 | D:3      | Reached skill level 3 in Unarmed Combat
  1858 | D:3      | Reached XP level 5. HP: 38/45 MP: 7/7
  2072 | D:3      | Found an ornate altar of the Wu Jian Council.
  2217 | D:4      | Found a shadowy altar of Dithmenos.
  2759 | D:4      | Noticed 4thArraOfDagon's ghost (weakling HOMo)
  2800 | D:4      | Killed 4thArraOfDagon's ghost
  2800 | D:4      | Reached skill level 4 in Unarmed Combat
  2800 | D:4      | Reached XP level 6. HP: 15/53 MP: 8/8
  3203 | D:5      | Entered Level 5 of the Dungeon
  3278 | D:5      | Slain by a gnoll

Vault maps used:
D:1:      dpeg_arrival_rooms_a
D:2:      kennysheep_big_flooded_room, first_ration
D:3:      lemuel_coloured_pillars_altar, minivault_25
D:4:      serial_co_window_serial, co_window_paths_a, co_window_paths_a,
          co_window_paths_a, co_window_paths_a, co_window_paths_b,
          co_window_of_opportunity_b, co_window_corner_b, co_window_cross_2,
          co_window_broadway_c, co_window_corner_ca, co_window_unsneaky_path_d,
          co_window_unsneaky_path_b, glass_columns_b, glass_columns_c,
          glass_columns_b, glass_columns_b, glass_columns_a,
          grunt_dithmenos_smoke_and_mirrors

Skill      XL: |  1  2  3  4  5 |
---------------+----------------+-----
Conjurations   | 1 2 3 |  3.4
Unarmed Combat | 1 2 3 4 |  4.4
Dodging        | |  1.5
Stealth        | |  1.0
Spellcasting   | |  2.0
Summonings     | |  0.6
Translocations | |  0.6

Action                   |  1- 3 |  4- 6 || total
-------------------------+-------+-------++-------
Melee: Unarmed           |   121 |   136 ||   257
  Use: Scroll            |       |     5 ||     5
       Potion            |       |     3 ||     3
 Stab: Sleeping          |     2 |     2 ||     4
  Eat: Chunk             |    17 |    15 ||    32
Armor: Robe              |    63 |    33 ||    96
       Skin              |       |    14 ||    14
Dodge: Dodged            |    67 |    48 ||   115

Table legend:
 A = Spawn XP
 B = Non-spawn XP
 C = Spawn XP percentage of total XP
 D = Spawn monster count
 E = Non-spawn monster count
 F = Spawn count percentage of total count
 G = Total turns spent on level
                    A         B        C        D         E        F      G
               +---------+---------+-------+---------+---------+-------+---------
         Total |       0 |     513 |   0.0 |       0 |      70 |   0.0 |  3278
               +---------+---------+-------+---------+---------+-------+---------
           D:1 |       0 |      31 |   0.0 |       0 |      18 |   0.0 |   670
           D:2 |       0 |      94 |   0.0 |       0 |      24 |   0.0 |  1050
           D:3 |       0 |     135 |   0.0 |       0 |      18 |   0.0 |   485
           D:4 |       0 |     189 |   0.0 |       0 |       6 |   0.0 |   998
           D:5 |       0 |      64 |   0.0 |       0 |       4 |   0.0 |    75
               +---------+---------+-------+---------+---------+-------+---------
